 Dungeon Crawl Stone Soup version 0.27-a0-1438-g9b7c6745da (webtiles) character file.

Game seed: 12582652962887465050

47981 Dwad the Severer (level 14, 0/121 HPs)
             Began as a Minotaur Berserker on July 4, 2021.
             Was a High Priest of Trog.
             Shot with an arrow by Nessos (2 damage)
             ... on level 6 of the Lair of Beasts.
             The game lasted 00:23:47 (24814 turns).

Dwad the Severer (Minotaur Berserker)              Turns: 24814, Time: 00:23:47

Health: 0/121      AC: 15    Str: 27    XL:     14   Next: 10%
Magic:  13/13      EV: 15    Int:  4    God:    Trog [*****.]
Gold:   996        SH:  0    Dex: 10    Spells: 13/13 levels left

rFire    + . .     SeeInvis +   O - +9 broad axe "Uroc" {flame, rC++ SInv}
rCold    + + +     Faith    .   (no shield)
rNeg     . . .     Spirit   .   w - +0 scale mail
rPois    .         Reflect  .   (helmet restricted)
rElec    .         Harm     .   Q - scarf {rC+ rF+}
rCorr    .         Rampage  .   u - +0 pair of gloves
Will     ++...                  (no boots)
Stlth    ..........             (no amulet)
HPRegen  0.30/turn              J - ring of willpower
MPRegen  0.13/turn              N - +4 ring of protection

@: lethally poisoned (0 -> -34), marked, on berserk cooldown, slowed, very slow
A: horns 2, retaliatory headbutt
a: Renounce Religion, Berserk, Trog's Hand, Brothers in Arms


You were on level 6 of the Lair of Beasts.
You worshipped Trog.
Trog was extremely pleased with you.
You visited 2 branches of the dungeon, and saw 17 of its levels.

You collected 1172 gold pieces.
You spent 176 gold pieces at shops.

Inventory:

Hand Weapons
 E - a +2 war axe of venom
 O - the +9 broad axe "Uroc" (weapon) {flame, rC++ SInv}
   (Trog gifted it to you on level 3 of the Lair of Beasts)

   It has been specially enchanted to burn those struck by it, causing extra
   injury to most foes and up to half again as much damage against particularly
   susceptible opponents.
   Big, fiery blades are also staple armaments of hydra-hunters.
   rC:        It greatly protects you from cold.
   SInv:      It lets you see invisible.
Missiles
 C - a curare-tipped dart (quivered)
 D - 18 throwing nets
Armour
 m - a scarf of repulsion
 u - a +0 pair of gloves (worn)
 w - a +0 scale mail (worn)
 Q - a scarf of resistance (worn)
Jewellery
 J - a ring of willpower (left hand)
 N - a +4 ring of protection (right hand)
 P - a ring of positive energy
Wands
 B - a wand of flame (31)
 G - a wand of paralysis (22)
 K - a wand of digging (10)
 M - a wand of polymorph (6)
Scrolls
 a - 2 scrolls of magic mapping {unknown}
 f - a scroll of brand weapon {unknown}
 g - 8 scrolls of enchant armour {unknown}
 k - 3 scrolls of amnesia {unknown}
 o - 4 scrolls of vulnerability {unknown}
 p - 5 scrolls of enchant weapon {unknown}
 s - 16 scrolls of identify
 t - 4 scrolls of immolation {unknown}
 x - 4 scrolls of teleportation {unknown}
 y - a scroll of fear {unknown}
 A - 5 scrolls of noise {unknown}
 F - 3 scrolls of fog {unknown}
Potions
 b - a potion of berserk rage {unknown}
 c - 7 potions of curing {unknown}
 d - a potion of attraction {unknown}
 e - 3 potions of brilliance {unknown}
 h - a potion of cancellation {unknown}
 i - 6 potions of heal wounds
 j - 5 potions of flight {unknown}
 l - 2 potions of lignification {unknown}
 n - 2 potions of ambrosia {unknown}
 q - a potion of invisibility
 v - 3 potions of might {unknown}
 z - 3 potions of resistance {unknown}
 H - 2 potions of haste {unknown}
 I - 2 potions of mutation {unknown}
 L - 5 potions of degeneration {unknown}


   Skills:
 - Level 10.0 Fighting
 - Level 18.0 Axes
 + Level 14.2 Armour
 + Level 13.6 Dodging


You had 13 spell levels left.
You didn't know any spells.
Your spell library was empty.

Dungeon Overview and Level Annotations

Branches:
Dungeon (11/15)            Temple (0/1) D:6            Lair (6/6) D:11
  Swamp (0/4) Lair:3       Spider (0/4) Lair:4        Slime (0/5) Lair:5
    Orc (0/2) D:9

Altars:
Ashenzari
Cheibriados
Hepliaklqana
Kikubaaqudgha
Ru
Sif Muna
Uskayaw
Vehumet
Wu Jian
Yredelemnul
Jiyva

Shops:
D:3 [   D:4 ?   D:5 ?*   D:8 ?

Annotations:
D:5 2 transporters, Menkaure
D:8 1 runed translucent door
Lair:5 exclusion: 4 oklob plants
Lair:6 Nessos


Innate Abilities, Weirdness & Mutations

You have a pair of horns on your head.
You reflexively headbutt those who attack you in melee.


Message History

The arrow burns you.
You are more poisoned.
You feel very sick.
Things that are here:
a blink frog corpse; a blink frog corpse You feel a strong urge to attack something.
You feel very sick.
You are no longer berserk.
You are exhausted.
You feel yourself slow down.
You feel very sick.
You feel very sick.
Nessos shoots an arrow.
The arrow hits you.
Nessos shoots an arrow.
The arrow hits you but does no damage.
The human hits the blink frog.
Nessos shoots an arrow.
The arrow hits you.
You are more poisoned.
Nessos shoots an arrow.
The arrow hits you! The arrow burns you.
You are more poisoned.
You feel extremely sick.
Nessos blinks!
Nessos pounds the earth with their hooves.
Nessos shoots an arrow.
The arrow completely misses you.
The blink frog blinks!
The polar bear sets off the alarm!
The alarm trap emits a blaring wail!
A sentinel's mark forms upon you.
Nessos shoots an arrow.
The arrow closely misses you.
You hear a loud, deep croak!
You hear a bellow!
You hear a trumpeting!
You hear an angry hiss.
You hear a bellow!
You hear an angry hiss.
You hear a bellow!
You hear an angry buzzing noise.
You hear an angry hiss. x2
There is an escape hatch in the ceiling here.
You feel extremely sick.
Nessos shoots an arrow.
The arrow hits you!
* * * LOW HITPOINT WARNING * * *
The arrow burns you.
You are more poisoned.
* * * LOW HITPOINT WARNING * * *
Nessos shoots an arrow.
The arrow hits you!
* * * LOW HITPOINT WARNING * * *
The arrow burns you.
You die...

#.###.#.P.........PP ####
###...............#...#
#...P.###...P .....##......####
............ .P....##...##....
....P....PP#####...#.#..#.#....
............##.c##.P....#......
..:..................^........
.#P..#..##(P..............##.
#.......#..@.......††.....#.
.##......#...................
..P....†h..h.........†...##.#..
...P......†......PP..P.### ###.
..........P....P......... ##
..........p..............#
#...#......##............#
........................P#
.≈..P..:.≈..≈...≈........#


You could see Nessos (fast), a polar bear and a neutral human (wandering).

Vanquished Creatures
  Kirke (Lair:6)
  Josephine (D:11)
  Harold (D:8)
  2 boulder beetles
  10 hydras
  A catoblepas (Lair:4)
  A death yak (Lair:5)
  4 two-headed ogres
  A bog body (Lair:3)
  A manticore (D:11)
  4 black mambas
  7 elephants
  Maurice (D:8)
  2 gargoyles
  A torpor snail (Lair:3)
  2 molten gargoyles (Lair:5)
  10 cane toads
  Psyche (D:8)
  A kobold demonologist (D:11)
  4 rime drakes
  3 komodo dragons
  A troll (D:7)
  5 polar bears
  5 jumping spiders (Lair:4)
  A queen bee (D:9)
  2 hornets
  A slime creature (D:11)
  7 blink frogs
  5 dream sheep (Lair:4)
  2 shadows (D:11)
  3 redbacks (Lair:4)
  7 wyverns
  30 yaks
  6 wraiths
  4 basilisks
  2 hogs (Lair:6)
  2 vampire mosquitoes (D:11)
  5 water moccasins
  2 acid dragons
  2 orc warriors
  2 ice beasts
  A necrophage (D:3)
  A sky beast (D:8)
  A black bear (D:11)
  4 ogres
  19 wolves
  10 centaurs
  2 kobold brigands
  2 phantoms
  4 bullfrogs
  3 gnoll sergeants (D:8)
  4 scorpions
  2 water moccasin zombies
  10 wights
  22 killer bees
  7 electric eels
  A howler monkey (D:11)
  5 lava snakes (Lair:5)
  A centaur skeleton (D:6)
  2 centaur zombies
  A jelly (D:5)
  3 orc priests
  4 gnoll shamans
  4 hounds (D:8)
  Terence (D:2)
  10 orc wizards
  A howler monkey zombie (D:5)
  Robin (D:2)
  33 gnolls
  6 adders
  A white imp (D:7)
  3 worms
  A dart slug (D:4)
  21 orcs
  6 bats
  7 endoplasms
  2 giant cockroaches
  14 hobgoblins
  6 jackals (D:8)
  12 kobolds
  6 quokkas
  6 ball pythons
  3 frilled lizards
  15 goblins
  4 rats
425 creatures vanquished.

Vanquished Creatures (others)
  A human (Lair:6)
  A wight (D:9)
  35 fungi
  64 plants
101 creatures vanquished.

Grand Total: 526 creatures vanquished

Notes
Turn   | Place    | Note
-------+----------+-------------------------------------------
     0 | D:1      | Dwad the Minotaur Berserker began the quest for the Orb.
     0 | D:1      | Reached XP level 1. HP: 19/19 MP: 0/0
    59 | D:1      | Reached skill level 4 in Axes
    59 | D:1      | Reached XP level 2. HP: 9/26 MP: 1/1
   757 | D:2      | Found a faded altar of an unknown god.
   763 | D:2      | Reached skill level 5 in Axes
   796 | D:2      | Noticed Terence
   801 | D:2      | Killed Terence
   802 | D:2      | Reached XP level 3. HP: 31/31 MP: 2/2
  1051 | D:2      | Reached ** piety under Trog
  1052 | D:2      | Reached XP level 4. HP: 29/39 MP: 3/3
  1174 | D:2      | Reached skill level 6 in Axes
  1952 | D:2      | Noticed Robin
  1958 | D:2      | Reached XP level 5. HP: 45/45 MP: 4/4
  1961 | D:2      | Reached skill level 7 in Axes
  1970 | D:2      | Killed Robin
  2181 | D:3      | Noticed a necrophage
  2193 | D:3      | Killed a necrophage
  2194 | D:3      | Reached skill level 8 in Axes
  2511 | D:3      | Reached *** piety under Trog
  2683 | D:3      | Reached XP level 6. HP: 50/51 MP: 5/5
  2795 | D:3      | Found Mapry's Armour Shop.
  3203 | D:4      | Reached skill level 9 in Axes
  3337 | D:4      | Found Buulu Jebri's Magic Scroll Shoppe.
  3348 | D:4      | Bought a scroll of identify for 20 gold pieces
  3393 | D:4      | Reached XP level 7. HP: 57/57 MP: 6/6
  3484 | D:4      | Found a shimmering blue altar of Sif Muna.
  3627 | D:4      | Reached skill level 10 in Axes
  4075 | D:5      | Entered Level 5 of the Dungeon
  4086 | D:5      | Noticed a wyvern
  4091 | D:5      | Killed a wyvern
  4145 | D:5      | Reached skill level 11 in Axes
  4304 | D:5      | Found a transporter.
  4305 | D:5      | Found an ancient bone altar of Kikubaaqudgha.
  4305 | D:5      | Noticed Menkaure
  4325 | D:5      | Noticed a vampire
  4464 | D:5      | Found Worook's Neck Hole.
  4470 | D:5      | Bought a scarf of repulsion for 156 gold pieces
  4510 | D:5      | Reached XP level 8. HP: 57/64 MP: 7/7
  4787 | D:5      | Found Suguuq's Magic Scroll Emporium.
  4804 | D:5      | Found a transporter.
  4824 | D:5      | Found a basalt altar of Yredelemnul.
  4927 | D:5      | Reached skill level 12 in Axes
  5208 | D:6      | Reached **** piety under Trog
  5512 | D:6      | Found a staircase to the Ecumenical Temple.
  5607 | D:6      | Reached skill level 13 in Axes
  6451 | D:7      | Found a snail-covered altar of Cheibriados.
  7024 | D:7      | Reached XP level 9. HP: 56/70 MP: 8/8
  7124 | D:7      | Reached skill level 14 in Axes
  7373 | D:7      | Noticed a troll
  7382 | D:7      | Killed a troll
  7383 | D:7      | Reached skill level 5 in Fighting
  8078 | D:8      | Noticed a two-headed ogre
  8088 | D:8      | Killed a two-headed ogre
  8093 | D:8      | Found Duniuqax's Magic Scroll Emporium.
  8251 | D:8      | Noticed Harold
  8268 | D:8      | Killed Harold
  8268 | D:8      | Reached ***** piety under Trog
  8269 | D:8      | Reached skill level 10 in Fighting
  8269 | D:8      | Reached XP level 10. HP: 74/93 MP: 9/9
  8604 | D:8      | Found a runed translucent door.
  8606 | D:8      | Noticed a sixfirhy
  8666 | D:8      | Noticed Psyche
  8728 | D:8      | Killed Psyche
  8944 | D:8      | Reached skill level 5 in Armour
  9384 | D:8      | Paralysed by a hornet for 1 turns
  9536 | D:8      | Noticed Maurice
  9543 | D:8      | Killed Maurice
  9544 | D:8      | Reached skill level 5 in Dodging
  9879 | D:9      | Found a broken altar of Ashenzari.
  9879 | D:9      | Found a hide-covered altar of Uskayaw.
  9940 | D:9      | Found a staircase to the Orcish Mines.
 10263 | D:9      | Found a radiant altar of Vehumet.
 10883 | D:9      | Found a sacrificial altar of Ru.
 11199 | D:9      | Reached skill level 15 in Axes
 11940 | D:10     | Entered Level 10 of the Dungeon
 12075 | D:10     | Noticed a two-headed ogre
 12078 | D:10     | Reached XP level 11. HP: 93/99 MP: 10/10
 12080 | D:10     | Killed a two-headed ogre
 13226 | D:11     | Noticed a two-headed ogre
 13232 | D:11     | Killed a two-headed ogre
 13446 | D:11     | Found a staircase to the Lair.
 13523 | D:11     | Noticed a boulder beetle
 13537 | D:11     | Killed a boulder beetle
 13538 | D:11     | Reached skill level 16 in Axes
 13721 | D:11     | Noticed a four-headed hydra
 13728 | D:11     | Killed a nine-headed hydra
 13962 | D:11     | Noticed Josephine
 13975 | D:11     | Killed Josephine
 14352 | D:11     | Reached skill level 10 in Armour
 14408 | D:11     | Reached XP level 12. HP: 31/106 MP: 11/11
 14501 | D:11     | Noticed a two-headed ogre
 14510 | D:11     | Killed a two-headed ogre
 14512 | D:11     | Reached skill level 10 in Dodging
 15204 | Lair:1   | Entered Level 1 of the Lair of Beasts
 15412 | Lair:1   | Found a hazy altar of Hepliaklqana.
 16360 | Lair:2   | Noticed a six-headed hydra
 16382 | Lair:2   | Killed a nine-headed hydra
 16908 | Lair:2   | Noticed a five-headed hydra
 16917 | Lair:2   | Killed an 11-headed hydra
 17628 | Lair:2   | Noticed a boulder beetle
 17636 | Lair:2   | Killed a boulder beetle
 18077 | Lair:2   | Noticed an eight-headed hydra
 18084 | Lair:2   | Killed an 11-headed hydra
 18508 | Lair:3   | Identified the +9 broad axe "Uroc" {flame, rC++ SInv} (Trog
                  | gifted it to you on level 3 of the Lair of Beasts)
 18508 | Lair:3   | Received a gift from Trog
 18660 | Lair:3   | Found a staircase to the Swamp.
 18948 | Lair:3   | Reached XP level 13. HP: 73/113 MP: 12/12
 19166 | Lair:3   | Found a basalt altar of Yredelemnul.
 19800 | Lair:4   | Found a hole to the Spider Nest.
 20074 | Lair:4   | Reached skill level 17 in Axes
 21288 | Lair:4   | Reached skill level 18 in Axes
 21906 | Lair:5   | Found a viscous altar of Jiyva.
 21906 | Lair:5   | Found a staircase to the Slime Pits.
 22054 | Lair:5   | Found an ornate altar of the Wu Jian Council.
 22401 | Lair:5   | Received a gift from Trog
 24465 | Lair:6   | Entered Level 6 of the Lair of Beasts
 24710 | Lair:6   | Noticed Kirke
 24716 | Lair:6   | Killed Kirke
 24717 | Lair:6   | Reached XP level 14. HP: 121/121 MP: 13/13
 24795 | Lair:6   | Noticed Nessos
 24814 | Lair:6   | HP: 2/121 [Nessos/arrow (16)]
 24814 | Lair:6   | Shot with an arrow by Nessos

Illustrated notes

Levels and vault maps discovered:
D:1:      ebering_hopf_link, layout_basic, corexii_leaking_fountain
D:2:      layout_loops_cross, hellmonk_ecumenical_altar_slurped_away,
          minmay_misc_feat_secret_circle, minmay_goblin_kobold_house,
          uniq_robin, uniq_terence
D:3:      layout_loops_ring, serial_shops, nicolae_shop_behind_doors,
          grunt_decor_arrowhead, minmay_strange_pillars
D:4:      layout_gridville, kennysheep_orc_sif_temple, minivault_23,
          nicolae_stop_n_shop_2
D:5:      layout_loops_ring, gammafunk_temple_of_torment, nicolae_stop_n_shop_1,
          corexii_corridor_pit, minmay_misc_feat_plants,
          nicolae_shop_sticking_my_neck_out
D:6:      layout_loops_ring, minmay_temple_entry_glassed_door, st_stairs_10
D:7:      layout_loops_corners, nicolae_overflow_hidden_temple
D:8:      cheibrodos_shockbox, layout_cave_pools, serial_gnoll_camp,
          gnoll_camp_mini_hut, gnoll_camp_mini_doghouse, gnoll_camp_mini_shop,
          gnoll_camp_medium_01, gnoll_camp_medium_02, uniq_maurice, uniq_harold,
          uniq_psyche
D:9:      cheibrodos_helix_gallery, layout_grid_maze,
          nicolae_ru_great_annihilating_truth, fiery_altar_vehumet,
          gammafunk_temple_overflow_pools, orc_0_dummy, serial_rivers,
          chequers_serial_rivers_small_b, chequers_serial_rivers_small_a,
          chequers_serial_rivers_micro_a, chequers_serial_rivers_small_a,
          nicolae_looking_at_the_future
D:10:     layout_cave_pods, minmay_circle_x
D:11:     minmay_distorted_concentric_squares, layout_loops_ring,
          david_lair_generic, portal_ice_cave_rime, kennysheep_generic_room_12,
          uniq_josephine
Lair:1:   layout_regular_city, basic_altar, infiniplex_staircase_pool_2,
          lemuel_fruit_tree, grunt_megastairs_2
Lair:2:   layout_layer_cave, grunt_megastairs_3
Lair:3:   layout_regular_city, skrybe_swamp_entry_bodies, basic_altar
Lair:4:   layout_regular_city, nicolae_spider_entry_tight_spaces
Lair:5:   cheibrodos_magma_flow, layout_big_grid, slime_altar_1, serial_bayou,
          serial_bayou_pond_d, serial_bayou_shore_a, serial_bayou_pond_e,
          serial_bayou_pond_d, serial_bayou_pond_b, lemuel_centaur_altar,
          lemuel_fruit_fields, infiniplex_staircase_pool, grunt_megastairs_5,
          minmay_lair_oklob_chamber
Lair:6:   gammafunk_lair_ancient_temple, layout_misc_corridors, minivault_23,
          st_stairs_13, uniq_nessos, uniq_kirke

Skill      XL: |  1  2  3  4  5  6  7  8  9 10 11 12 13 |
---------------+----------------------------------------+-----
Axes           | 4 5 6 8 9 11 13 14 15 16 18 | 18.0
Fighting       | 10 | 10.0
Armour         | 3 7 10 12 14 | 14.2
Dodging        | 3 6 9 12 13 | 13.6

Action                   |  1- 3 |  4- 6 |  7- 9 | 10-12 | 13-15 || total
-------------------------+-------+-------+-------+-------+-------++-------
Melee: Hand axe          |    46 |   107 |   301 |    71 |       ||   525
       Headbutt          |     8 |    20 |    58 |    99 |    62 ||   247
       War axe           |       |       |       |   380 |       ||   380
       Unarmed           |       |       |       |    11 |       ||    11
       Broad axe         |       |       |       |    13 |   240 ||   253
Invok: Berserk           |     2 |     5 |     9 |    17 |    10 ||    43
 Stab: Paralysed         |       |       |       |     1 |       ||     1
Armor: Animal skin       |     8 |       |       |       |       ||     8
       Ring mail         |       |    21 |     8 |       |       ||    29
       Scale mail        |       |       |    77 |   128 |    83 ||   288
       Skin              |       |       |       |     6 |       ||     6
Dodge: Dodged            |    34 |    48 |    95 |   276 |   232 ||   685
       Repelled          |       |       |     1 |     2 |     4 ||     7

Table legend: (Time is in decaauts)
 A = Elapsed time spent in this place.
 B = Non-inter-level travel time spent in this place.
 C = Inter-level travel time spent in this place.
 D = Time resting spent in this place.
 E = Time spent auto-exploring this place.
 F = Levels seen in this place.
 G = Mean time per level.
                   A        B        C        D        E       F      G
               +--------+--------+--------+--------+--------+-----+--------+
         Total |  24967 |  23888 |   1079 |   1878 |  19886 |  17 | 1468.6 |
       Dungeon |  15301 |  14560 |    741 |   1180 |  11985 |  11 | 1391.0 |
          Lair |   9666 |   9329 |    337 |    697 |   7900 |   6 | 1611.0 |
               +--------+--------+--------+--------+--------+-----+--------+

Top non-repeatable levels by time:
  Lair:5: 2858 daAuts
  Lair:2: 2278 daAuts
     D:9: 2059 daAuts
    D:11: 2039 daAuts
  Lair:4: 2013 daAuts
     D:7: 1915 daAuts
     D:8: 1753 daAuts
     D:2: 1433 daAuts
  Lair:3: 1298 daAuts
    D:10: 1276 daAuts
     D:4: 1095 daAuts
     D:6: 1062 daAuts
     D:5: 1047 daAuts
  Lair:1: 1002 daAuts
     D:3: 858 daAuts
